 Dungeon Crawl Stone Soup version 0.31-a0-880-g9a209b2425 (webtiles) character file.

Game seed: 5482347526541055055

203 BinkBink the Cudgeller (level 5, 0/32 HPs)
             Began as a Gargoyle Fighter on Oct 15, 2023.
             Killed by divine providence
             ... invoked by an orc priest
              (13 damage)
             ... on level 2 of the Dungeon.
             The game lasted 00:03:57 (2267 turns).

BinkBink the Cudgeller (Gargoyle Fighter)           Turns: 2267, Time: 00:03:58

Health: 0/32       AC: 12    Str: 22    XL:     5   Next: 81%
Magic:  5/5        EV: 10    Int:  8    God:
Gold:   50         SH:  4    Dex:  9    Spells: 4/4 levels left

rFire   . . .        a - +0 flail
rCold   . . .        c - +0 buckler
rNeg    + . .        h - +2 ring mail {Will+}
rPois   ∞            i - +0 helmet
rElec   +            (no cloak)
rCorr   .            (no gloves)
SInv    .            (no boots)
Will    +....        (no amulet) Stlth
                     (no ring)
HPRegen 0.25/turn    (no ring)
MPRegen 0.09/turn

%: no passive effects
@: no status effects
A: sickness immunity, AC +4, negative energy resistance 1, electricity
resistance, torment resistance 1, petrification resistance
a: no special abilities


You were on level 2 of the Dungeon.
You visited 1 branch of the dungeon, and saw 3 of its levels.

You collected 50 gold pieces.

Inventory:

Hand Weapons
 a - a +0 flail (weapon)
Armour
 c - a +0 buckler (worn)
 h - a +2 ring mail of willpower (worn)
 i - a +0 helmet (worn)
Scrolls
 b - a scroll of blinking {unknown}
 e - a scroll of revelation
 g - 2 scrolls of vulnerability {unknown}
 k - 2 scrolls of teleportation
 l - a scroll of enchant weapon {unknown}
Potions
 d - a potion of might
 f - a potion of berserk rage
 j - a potion of curing {unknown}


   Skills:
 - Level 3.2 Fighting
 * Level 5.8 Maces & Flails
 - Level 3.2 Armour
 - Level 3.2 Shields


You had 4 spell levels left.
You didn't know any spells.
Your spell library was empty.

Dungeon Overview and Level Annotations

Branches:
Dungeon (3/15)

Altars:
Kikubaaqudgha
Ru
Zin

Shops:
D:3 *


Innate Abilities, Weirdness & Mutations

You are immune to sickness and miasma.
Your stone body is resilient. (AC +4)
You are immune to poison.
You resist negative energy. (rN+)
You are resistant to electric shocks. (rElec)
You are resistant to unholy torment.
You are immune to petrification.


Message History

The orc wizard hits you but does no damage.
You sock the orc wizard!
The orc wizard is severely wounded.
The orc wizard closely misses you.
You hit the orc wizard.
The orc wizard is severely wounded.
The orc wizard barely misses you.
You barely miss the orc wizard.
The orc wizard is severely wounded.
You block the orc wizard's attack.
You sock the orc wizard!
You kill the orc wizard!
No target in view!
No target in view!
HP restored.
Done exploring.
You climb downwards.
The orc closely misses you. The orc barely misses you.
There is a stone staircase leading up here.
You closely miss the orc priest. The orc priest closely misses you.
The orc closely misses you.
You hit the orc priest but do no damage.
The orc priest hits you but does no damage.
The orc barely misses you.
The orc priest calls down the wrath of Beogh upon you.
Beogh smites you! The orc closely misses you.
You climb upwards.
There is a stone staircase leading down here.
You hit the orc priest.
The orc priest is lightly wounded.
The orc priest hits you with a +0 club. The orc barely misses you.
The orc priest closely misses you.
You closely miss the orc priest.
The orc priest is lightly wounded.
The orc hits you but does no damage. The orc priest hits you with a +0 club.
The orc hits you but does no damage.
You hit the orc priest but do no damage.
The orc priest is lightly wounded.
The orc priest mumbles some strange prayers to Beogh against you.
Beogh smites you!
You die...

........##.##..####..........###
##.....###.##..####......###...##
##...## #.##............# #.#...
##.## #.##.#####..###.###.####
##.####.##.#####..###....)....
#.......##......#.#....<....##
##.####.##.####.............##
#.# #.##.####[###.........## #.#
#.....o@o.# #.........## #.#
####.####.###.........# #.# #.#
#....%........# #.### #.#
#####.........# #####...# #.#
#.........# ......#.# ##.##
#.........# .####.#.# ##...##
########.## .# #.#.# #.###.###
##.## .# #.#.# #.# #...# #...#


You could see an orc priest and an orc.

Vanquished Creatures
  A black bear (D:3)
  An orc wizard (D:2)
  2 adders
  A worm (D:2)
  2 dart slugs
  2 orcs
  7 endoplasms
  4 giant cockroaches
  9 goblins
  5 hobgoblins
  2 quokkas
  3 ball pythons
  4 bats
  4 frilled lizards
  6 kobolds
  5 rats
58 creatures vanquished.

Vanquished Creatures (others)
  A human (D:3)
1 creature vanquished.

Grand Total: 59 creatures vanquished

Notes
Turn   | Place    | Note
-------+----------+-------------------------------------------
     0 | D:1      | BinkBink the Gargoyle Fighter began the quest for the Orb.
     0 | D:1      | Reached XP level 1. HP: 14/14 MP: 1/1
   203 | D:1      | Reached XP level 2. HP: 19/19 MP: 2/2
   312 | D:1      | Reached skill level 3 in Maces & Flails
   484 | D:1      | Reached XP level 3. HP: 23/23 MP: 3/3
  1137 | D:2      | Reached skill level 4 in Maces & Flails
  1420 | D:2      | Found a sacrificial altar of Ru.
  1570 | D:3      | Found Zuimez's Book Boutique.
  1635 | D:3      | Reached XP level 4. HP: 28/28 MP: 4/4
  1731 | D:3      | Noticed a black bear
  1742 | D:3      | Killed a black bear
  1743 | D:3      | Reached skill level 5 in Maces & Flails
  1743 | D:3      | Reached XP level 5. HP: 11/32 MP: 5/5
  1976 | D:3      | Found an ancient bone altar of Kikubaaqudgha.
  1979 | D:3      | Noticed a human
  1980 | D:3      | Killed a human
  2128 | D:3      | Found Zin's Purification Station.
  2132 | D:3      | Found a glowing silver altar of Zin.
  2267 | D:2      | Killed from afar by an orc priest

Illustrated notes

Levels and vault maps discovered:
D:1:      co_arrival_random_square_maze, layout_loops_ring
D:2:      layout_loops_ring, basic_altar
D:3:      layout_loops_ring, tgw_kikubaaqudgha, zin_purify, serial_shops, shop,
          hangedman_decor_points, minmay_diced_spiral

Skill      XL: |  1  2  3  4 |
---------------+-------------+-----
Maces & Flails | 3 4 5 |  5.8
Fighting       | |  3.2
Armour         | |  3.2
Shields        | |  3.2

Action                     |  1- 3 |  4- 6 || total
---------------------------+-------+-------++-------
  Melee: Flail             |   148 |    67 ||   215
    Use: Scroll            |     7 |       ||     7
         Potion            |       |     2 ||     2
 Armour: Scale mail        |    51 |       ||    51
         Ring mail         |    40 |    78 ||   118
  Dodge: Dodged            |    82 |    61 ||   143
  Block: Buckler           |    29 |     9 ||    38

Table legend: (Time is in decaauts)
 A = Elapsed time spent in this place.
 B = Non-inter-level travel time spent in this place.
 C = Inter-level travel time spent in this place.
 D = Time resting spent in this place.
 E = Time spent auto-exploring this place.
 F = Levels seen in this place.
 G = Mean time per level.
                   A        B        C        D        E       F      G
               +--------+--------+--------+--------+--------+-----+--------+
         Total |   2322 |   2199 |    123 |     82 |   1550 |   3 |  774.0 |
       Dungeon |   2322 |   2199 |    123 |     82 |   1550 |   3 |  774.0 |
               +--------+--------+--------+--------+--------+-----+--------+

Top non-repeatable levels by time:
     D:2: 839 daAuts
     D:1: 816 daAuts
     D:3: 666 daAuts
